 Dungeon Crawl Stone Soup version 0.26-a0-64-g059e62fbdb (webtiles) character file.

Game seed: 2702569503576102448

312 Gargoyl the Skirmisher (level 6, -6/52 HPs)
             Began as a Centaur Abyssal Knight on June 10, 2020.
             Was a Believer of Lugonu.
             Killed from afar by Ijyb (8 damage)
             ... with a bolt of acid
             ... on level 4 of the Dungeon.
             The game lasted 00:07:32 (4711 turns).

Gargoyl the Skirmisher (Centaur Abyssal Knight)     Turns: 4711, Time: 00:07:33

Health: -6/52      AC:  7    Str: 15    XL:     6   Next: 18%
Magic:  8/8        EV:  2    Int: 11    God:    Lugonu [**....]
Gold:   165        SH:  7    Dex: 10    Spells: 5/5 levels left

rFire    . . .     SeeInvis .   n - +0 hand axe (venom)
rCold    . . .     Gourm    .   l - +0 kite shield
rNeg     . . .     Faith    .   f - +1 chain mail
rPois    .         Spirit   .   h - +0 helmet
rElec    .         Reflect  .   d - +0 cloak
rCorr    .         Harm     .   (no gloves)
MR       .....                  (no barding)
Stlth    ..........             k - amulet of the acrobat
HPRegen  0.17/turn              (no ring)
MPRegen  0.11/turn              (no ring)

@: corroded, very quick
A: large, hooves 3, deformed body, speed 2, tough skin 3
a: Depart the Abyss, Bend Space, Renounce Religion


You were on level 4 of the Dungeon.
You worshipped Lugonu.
Lugonu was pleased with you.
You were hungry.

You visited 1 branch of the dungeon, and saw 4 of its levels.
You visited the Abyss 1 time.

You collected 286 gold pieces.
You spent 121 gold pieces at shops.

Inventory:

Hand Weapons
 a - a +2 hand axe
 n - a +0 hand axe of venom (weapon)
Missiles
 g - 2 javelins (quivered)
Armour
 d - a +0 cloak (worn)
 f - a +1 chain mail (worn)
 h - a +0 helmet (worn)
 l - a +0 kite shield (worn)
Jewellery
 j - an uncursed amulet of magic regeneration
 k - an amulet of the acrobat (around neck)
Scrolls
 e - 2 scrolls of magic mapping
 i - 5 scrolls of remove curse
 m - a scroll of teleportation
 o - a scroll of enchant weapon
 r - a scroll of identify
Potions
 b - a potion of curing
 p - a potion of heal wounds {unknown}
 q - a potion of magic {unknown}
Comestibles
 c - 8 rations


   Skills:
 + Level 3.8 Fighting
 + Level 3.3 Axes
 * Level 2.7 Armour
 + Level 1.6 Dodging
 * Level 1.1 Shields
 * Level 3.0 Invocations


You had 5 spell levels left.
You didn't know any spells.
Your spell library was empty.

Dungeon Overview and Level Annotations

Branches:
Dungeon (4/15)             Temple (0/1) D:4

Altars:
Ashenzari
Kikubaaqudgha
Okawaru
The Shining One

Shops:
D:4 }}*

Annotations:
D:4 Ijyb


Innate Abilities, Weirdness & Mutations

You have hooves in place of feet.
Armour fits poorly on your strangely shaped body.
You cover ground very quickly.
You have extremely tough skin. (AC +3)


Message History

Unknown command.
You hit the orc but do no damage.
The orc is poisoned.
You kick the orc.
You kill the orc!
Lugonu accepts your kill.
You see here a +0 short sword.
Unknown command.
You see here a +0 club.
You block Ijyb's attack.
You see here a +0 dagger.
Your shield prevents you from hitting Ijyb.
Ijyb hits you but does no damage.
You closely miss Ijyb.
Ijyb zaps a wand.
The bolt of acid hits you! The acid corrodes you!
You are splashed with acid!
You closely miss Ijyb.
Ijyb zaps a wand.
The bolt of acid hits you!
* * * LOW HITPOINT WARNING * * *
You are splashed with acid!
* * * LOW HITPOINT WARNING * * *
You closely miss Ijyb. Your kick misses Ijyb.
Ijyb zaps a wand.
The bolt of acid hits you!
You die...

.....# .....# .# .# .....#
#.###.# .....+ .....$.... .....#
..........# ...#+### ..........#
...'∩'.## .Z...)...# ...#+#..#
####g.......# ####....#
#..@...(..... ####.## #)).......#
####..# ###...).....#######+##
#...#.#.......................
####...#.#.######.#..(...........
.......#.# #.#..............
......##'#+## #.#..............
......#.....# #.#..............
#######.....# #.#..............


You could see Ijyb and a bullfrog skeleton (wandering).

Vanquished Creatures
  A quasit (D:4)
  An orc priest (D:3)
  A bullfrog skeleton (D:4)
  A worker ant (D:4)
  An orc wizard (D:4)
  A hound zombie (D:4)
  Robin (D:3)
  4 adders
  A shadow imp (D:3)
  An ooze (D:3)
  An adder skeleton (D:4)
  A worm (D:3)
  4 leopard geckos
  12 orcs
  4 giant cockroaches
  13 goblins
  8 hobgoblins
  4 kobolds
  2 quokkas
  3 ball pythons
  6 bats
  5 frilled lizards
  3 rats
79 creatures vanquished.

Notes
Turn   | Place    | Note
-------+----------+-------------------------------------------
     0 | Abyss:1  | Gargoyl the Centaur Abyssal Knight began the quest for the
                  | Orb.
     0 | Abyss:1  | Reached XP level 1. HP: 19/19 MP: 2/2
    69 | Abyss:1  | Found a corrupted altar of Lugonu.
   180 | Abyss:1  | Noticed a starcursed mass
   192 | Abyss:1  | Noticed a chaos spawn
   232 | Abyss:1  | Noticed a worldbinder
   233 | Abyss:1  | Noticed a black mamba
   233 | Abyss:1  | Noticed a naga
   233 | Abyss:1  | Noticed a black mamba
   241 | Abyss:1  | Noticed a black mamba
   241 | Abyss:1  | Noticed a black mamba
   243 | D:1      | Escaped the Abyss
   575 | D:1      | Reached * piety under Lugonu
   575 | D:1      | Reached XP level 2. HP: 25/26 MP: 3/3
  1052 | D:2      | Reached skill level 1 in Dodging
  1174 | D:2      | Found an ancient bone altar of Kikubaaqudgha.
  1252 | D:2      | Reached XP level 3. HP: 28/31 MP: 4/4
  1361 | D:2      | Found a glowing golden altar of the Shining One.
  1361 | D:2      | Found a shattered altar of Ashenzari.
  1940 | D:3      | Found an iron altar of Okawaru.
  1949 | D:3      | Reached XP level 4. HP: 9/38 MP: 5/5
  3069 | D:3      | Noticed Robin
  3083 | D:3      | Reached ** piety under Lugonu
  3085 | D:3      | Reached XP level 5. HP: 26/46 MP: 7/7
  3092 | D:3      | Killed Robin
  3910 | D:4      | Found Sirrar's Gadget Boutique.
  3933 | D:4      | Found Edauc's Gadget Shoppe.
  3952 | D:4      | Found Oggeq's Assorted Antiques.
  3970 | D:4      | Bought a kite shield for 121 gold pieces
  3994 | D:4      | Found a staircase to the Ecumenical Temple.
  4005 | D:4      | Reached skill level 1 in Shields
  4022 | D:4      | Noticed an ogre
  4482 | D:4      | Reached XP level 6. HP: 49/52 MP: 8/8
  4702 | D:4      | Noticed Ijyb
  4710 | D:4      | HP: 1/52 [acid (13)]
  4711 | D:4      | Killed from afar by Ijyb

Illustrated notes

Levels and vault maps discovered:
D:1:      dpeg_arrival_arbitrary_b, layout_basic
D:2:      layout_basic, lemuel_crystal_altar, gammafunk_temple_overflow_statue
D:3:      layout_loops_cross, first_ration, okawaru_gym_becter, uniq_robin
D:4:      layout_basic, minmay_temple_entry_junction, serial_shops,
          nicolae_shop_crystal, nicolae_shop_behind_doors, shop_coins,
          feat_on_display, uniq_ijyb

Skill      XL: |  1  2  3  4  5 |
---------------+----------------+-----
Axes           | 2 3 |  3.3
Dodging        | 1 |  1.6
Armour         | 2 |  2.7
Shields        | 1 |  1.1
Invocations    | 3 |  3.0
Fighting       | |  3.8

Action                   |  1- 3 |  4- 6 || total
-------------------------+-------+-------++-------
Melee: Hand axe          |    84 |   166 ||   250
       Kick              |    10 |    26 ||    36
Invok: Depart the Abyss  |     1 |       ||     1
  Use: Scroll            |     8 |     2 ||    10
       Potion            |     2 |     1 ||     3
  Eat: Chunk             |     2 |     7 ||     9
Armor: Chain mail        |    82 |   129 ||   211
       Leather armour    |     1 |       ||     1
Dodge: Dodged            |    27 |    40 ||    67
Block: Kite shield       |       |    31 ||    31

Table legend:
 A = Non-vault XP
 B = Vault XP
 C = Vault XP percentage of total XP
 D = Non-vault monster count
 E = Vault monster count
 F = Vault count percentage of total count
                 A         B        C        D         E       F
            +---------+---------+-------+---------+---------+-------
      Total |     408 |      38 |   8.5 |      66 |      13 |  16.5
            +---------+---------+-------+---------+---------+-------
        D:1 |      21 |       0 |   0.0 |      14 |       0 |   0.0
        D:2 |      32 |       0 |   0.0 |      10 |       0 |   0.0
        D:3 |     135 |      38 |  22.0 |      23 |      13 |  36.1
        D:4 |     220 |       0 |   0.0 |      19 |       0 |   0.0
            +---------+---------+-------+---------+---------+-------
